 Dungeon Crawl Stone Soup version 0.27-a0-279-gdfb9265905 (webtiles) character file.

Game seed: 12571849409447614687

313 nomadicburrito the Sneak (level 6, -1/32 HPs)
             Began as a Vine Stalker Brigand on Feb 7, 2021.
             Slain by Crazy Yiuf
             ... wielding a +4 quarterstaff of chaos
              (2 damage)
             ... on level 4 of the Dungeon.
             The game lasted 00:06:26 (3203 turns).

nomadicburrito the Sneak (Vine Stalker Brigand)     Turns: 3203, Time: 00:06:27

Health: -1/32      AC:  4    Str: 14    XL:     6   Next: 43%
Magic:  0/7        EV: 12    Int: 11    God:
Gold:   178        SH:  0    Dex: 17    Spells: 5/5 levels left

rFire    . . .     SeeInvis .   a - +2 dagger
rCold    . . .     Faith    .   (no shield)
rNeg     . . .     Spirit   +   o - +2 robe {Will+}
rPois    .         Reflect  .   (no helmet)
rElec    .         Harm     .   g - scarf {repulsion}
rCorr    .         Rampage  .   (no gloves)
Will     +....                  (no boots)
Stlth    ++++......             (no amulet)
HPRegen  0.50/turn              (no ring)
MPRegen  0.10/turn              (no ring)

@: lethally poisoned (-1 -> -13), repel missiles
A: fangs 2, regeneration 1, magic shield, antimagic bite, no potion heal 3
a: no special abilities


You were on level 4 of the Dungeon.
You visited 1 branch of the dungeon, and saw 4 of its levels.

You collected 178 gold pieces.

Inventory:

Hand Weapons
 a - a +2 dagger (weapon)
Missiles
 d - 21 poisoned darts (quivered)
 e - 2 curare-tipped darts
Armour
 g - a scarf of repulsion (worn)
 o - a +2 robe of willpower (worn)
Jewellery
 p - an uncursed ring of ice {unknown}
Wands
 q - a wand of paralysis (4)
Scrolls
 f - 2 scrolls of magic mapping {unknown}
 h - 8 scrolls of identify {unknown}
 i - 2 scrolls of remove curse {unknown}
 j - 2 scrolls of immolation {unknown}
 k - a scroll of fear {unknown}
 l - a scroll of enchant weapon {unknown}
 n - a scroll of random uselessness {unknown}
Potions
 b - 2 potions of curing {unknown}
 c - 2 potions of cancellation {unknown}
 m - a potion of might {unknown}
 r - a potion of haste {unknown}
 s - 2 potions of flight {unknown}


   Skills:
 + Level 2.4 Fighting
 * Level 3.3 Short Blades
 + Level 2.5 Throwing
 + Level 1.6 Dodging
 + Level 7.3 Stealth


You had 5 spell levels left.
You didn't know any spells.
Your spell library was empty.

Dungeon Overview and Level Annotations

Branches:
Dungeon (4/15)
 Temple: D:4-7

Altars:
Fedhas
Makhleb
Nemelex Xobeh
Okawaru
Xom

Annotations:
D:2 exclusion: oklob plant
D:4 Crazy Yiuf


Innate Abilities, Weirdness & Mutations

You have extremely sharp teeth.
Your natural rate of healing is unusually fast.
When hurt, damage is shared between your health and your magic reserves.
Your bite disrupts and absorbs the magic of your enemies.
Potions cannot restore your health.


Message History

You hit Crazy Yiuf but do no damage.
Crazy Yiuf is moderately wounded.
Crazy Yiuf hits you with a +4 quarterstaff of chaos!
You hit Crazy Yiuf. You bite Crazy Yiuf, but do no damage.
Crazy Yiuf is moderately wounded.
Crazy Yiuf grits, "Ghoul bush sallow!"
Crazy Yiuf barely misses you.
You hit Crazy Yiuf but do no damage. Your bite misses Crazy Yiuf.
Crazy Yiuf is moderately wounded.
You closely miss Crazy Yiuf. You bite Crazy Yiuf, but do no damage.
Crazy Yiuf is moderately wounded.
Crazy Yiuf hits you with a +4 quarterstaff of chaos!
* * * LOW HITPOINT WARNING * * *
You are lethally poisoned!
You hit Crazy Yiuf. You bite Crazy Yiuf, but do no damage.
Crazy Yiuf is heavily wounded.
* * * LOW HITPOINT WARNING * * *
You feel sick.
Crazy Yiuf hits you with a +4 quarterstaff of chaos.
You die...

#.# #...#
#.............#
### ##.## #(.##
########......#
#.. ._..# #..#
#......###..
....# ####
#####
#.........†.
....# #..)#
#...[###....
....# #...#
#....# #....
....########
... #....#
#....
...........#
#g# #....#
#....
############
♣♣@♣ #....#
##### ♣.♣♣
#....# #. ♣♣.♣
#....# #. ♣.♣♣
#.#### #. ♣♣.♣♣
#.# #. ♣...♣♣
#.# #. ♣....♣
#.# #. #....#
#.# #.
#....####.# ##


You could see Crazy Yiuf.

Vanquished Creatures
  A hound (D:4)
  Jessica (D:3)
  An iguana (D:4)
  2 worker ants (D:4)
  2 orc wizards (D:4)
  5 adders
  An ooze (D:4)
  A worm (D:2)
  3 dart slugs
  3 leopard geckos
  9 orcs
  A ball python (D:3)
  8 bats
  5 giant cockroaches
  9 goblins
  6 hobgoblins
  5 kobolds
  A quokka (D:2)
  5 frilled lizards
  4 rats
73 creatures vanquished.

Notes
Turn   | Place    | Note
-------+----------+-------------------------------------------
     0 | D:1      | nomadicburrito the Vine Stalker Brigand began the quest for
                  | the Orb.
     0 | D:1      | Reached XP level 1. HP: 11/11 MP: 2/2
   110 | D:1      | Reached skill level 5 in Stealth
   163 | D:1      | Reached XP level 2. HP: 15/15 MP: 3/3
   723 | D:1      | Reached skill level 6 in Stealth
   732 | D:1      | Reached XP level 3. HP: 14/18 MP: 2/4
   926 | D:2      | Found a faded altar of an unknown god.
  1485 | D:2      | Found a blossoming altar of Fedhas.
  1496 | D:2      | Noticed an oklob plant
  1662 | D:2      | Gained mutation: Your natural rate of healing is unusually
                  | fast. [Vine Stalker growth]
  1662 | D:2      | Reached XP level 4. HP: 23/23 MP: 5/5
  1743 | D:2      | Found a burning altar of Makhleb.
  1936 | D:3      | Found a sparkling altar of Nemelex Xobeh.
  1948 | D:3      | Noticed Jessica
  1964 | D:3      | Killed Jessica
  1965 | D:3      | Reached skill level 1 in Dodging
  2121 | D:3      | Found an iron altar of Okawaru.
  2276 | D:3      | Reached skill level 7 in Stealth
  2279 | D:3      | Reached XP level 5. HP: 26/26 MP: 6/6
  2714 | D:4      | Found a blossoming altar of Fedhas.
  2776 | D:4      | Found a shimmering altar of Xom.
  2846 | D:4      | HP: 1/26 [leopard gecko (1)]
  2854 | D:4      | HP: 1/26 [poisoned by a worker ant]
  2955 | D:4      | Reached XP level 6. HP: 29/30 MP: 7/7
  3190 | D:4      | Found a runed translucent door.
  3191 | D:4      | Noticed Crazy Yiuf
  3203 | D:4      | HP: 1/32 [poisoned by Crazy Yiuf]
  3203 | D:4      | Slain by Crazy Yiuf

Illustrated notes

Levels and vault maps discovered:
D:1:      dpeg_arrival_pits, layout_basic, kennysheep_minor_cross,
          serial_park_tiny_1
D:2:      layout_rooms, nicolae_overflow_hidden_temple,
          chequers_ecumenical_altar_simple_redux, tgw_fedhas
D:3:      layout_loops_cross, nemelex_xobeh_ov_fountains_minmay,
          okawaru_metal_pillars_1_2, skrybe_limestone_x, st_stairs_3,
          uniq_jessica
D:4:      layout_basic, overflow_temple_1_default,
          nicolae_overflow_crystal_walls, uniq_crazy_yiuf_cottage

Skill      XL: |  1  2  3  4  5 |
---------------+----------------+-----
Stealth        | 5 6 7 |  7.3
Short Blades   | 2 3 |  3.3
Throwing       | 2 |  2.5
Dodging        | 1 |  1.6
Fighting       | 2 |  2.4

Action                   |  1- 3 |  4- 6 || total
-------------------------+-------+-------++-------
Melee: Dagger            |    82 |   175 ||   257
       Bite              |    16 |    55 ||    71
 Stab: Sleeping          |    11 |     7 ||    18
       Distracted        |       |     1 ||     1
Armor: Robe              |    13 |    36 ||    49
Dodge: Dodged            |    38 |   103 ||   141

Table legend: (Time is in decaauts)
 A = Elapsed time spent in this place.
 B = Non-inter-level travel time spent in this place.
 C = Inter-level travel time spent in this place.
 D = Time resting spent in this place.
 E = Time spent auto-exploring this place.
 F = Levels seen in this place.
 G = Mean time per level.
                   A        B        C        D        E       F      G
               +--------+--------+--------+--------+--------+-----+--------+
         Total |   3174 |   3065 |    109 |    273 |   2176 |   4 |  793.5 |
       Dungeon |   3174 |   3065 |    109 |    273 |   2176 |   4 |  793.5 |
               +--------+--------+--------+--------+--------+-----+--------+

Top non-repeatable levels by time:
     D:2: 952 daAuts
     D:1: 872 daAuts
     D:3: 744 daAuts
     D:4: 604 daAuts
